 Dungeon Crawl Stone Soup version 0.22.0 (webtiles) character file.

736 Blackhawk the Shield-Bearer (level 7, -1/60 HPs)
             Began as a Gnoll Fighter on Oct 22, 2018.
             Was a Follower of Okawaru.
             Slain by a gnoll
             ... wielding a +1 flail of draining
              (10 damage)
             ... on level 6 of the Dungeon.
             The game lasted 00:05:36 (3804 turns).

Blackhawk the Shield-Bearer (Gnoll Fighter)         Turns: 3804, Time: 00:05:37

Health: -1/60      AC:  8    Str: 20    XL:     7   Next: 74%
Magic:  10/10      EV:  9    Int: 11    God:    Okawaru [*.....]
Gold:   262        SH: 10    Dex: 14    Spells: 11/11 levels left

rFire    . . .     SeeInvis .   a - +0 flail
rCold    . . .     Gourm    .   c - +0 shield
rNeg     . . .     Faith    .   b - +0 scale mail
rPois    .         Spirit   .   j - +0 helmet
rElec    .         Reflect  .   (no cloak)
rCorr    .         Harm     .   (no gloves)
MR       .....                  (no boots)
Stlth    +.........             (no amulet)
HPRegen  0.20/turn              (no ring)
MPRegen  0.12/turn              (no ring)

@: drained
A: distributed training, fangs 1, strong nose
a: Heroism, Renounce Religion


You were on level 6 of the Dungeon.
You worshipped Okawaru.
Okawaru was aware of your devotion.
You were hungry.

You visited 2 branches of the dungeon, and saw 7 of its levels.

You collected 262 gold pieces.

Inventory:

Hand Weapons
 a - a +0 flail (weapon)
 n - a +0 hunting sling
Missiles
 i - 87 stones (quivered)
 u - 40 sling bullets
Armour
 b - a +0 scale mail (worn)
 c - a +0 shield (worn)
 j - a +0 helmet (worn)
Jewellery
 g - an uncursed amulet of magic regeneration {unknown}
 o - an uncursed amulet of the acrobat {unknown}
 r - an uncursed ring of protection from cold {unknown}
 w - an uncursed ring of poison resistance {unknown}
Scrolls
 e - a scroll of fog {unknown}
 l - 7 scrolls of identify {unknown}
 m - 4 scrolls of remove curse {unknown}
 q - 4 scrolls of teleportation {unknown}
 s - 4 scrolls of magic mapping {unknown}
 t - a scroll of amnesia {unknown}
 v - a scroll of immolation {unknown}
 x - a scroll of noise {unknown}
 y - 2 scrolls of fear {unknown}
 B - a scroll of blinking {unknown}
Potions
 d - 2 potions of might
 h - 4 potions of curing
 k - 2 potions of mutation {unknown}
 p - 2 potions of lignification {unknown}
 z - a potion of invisibility {unknown}
 A - a potion of flight {unknown}
 C - a potion of heal wounds {unknown}
Comestibles
 f - 11 rations


   Skills:
 + Level 7.1(6.2) Fighting
 + Level 2.6(1.8) Short Blades
 + Level 2.6(1.8) Long Blades
 + Level 2.6(1.8) Axes
 + Level 5.3(4.4) Maces & Flails
 + Level 2.6(1.8) Polearms
 + Level 2.6(1.8) Staves
 + Level 2.6(1.8) Slings
 + Level 2.6(1.8) Bows
 + Level 2.6(1.8) Crossbows
 + Level 2.6(1.8) Throwing
 + Level 7.1(6.2) Armour
 + Level 2.6(1.8) Dodging
 + Level 2.6(1.8) Stealth
 + Level 7.1(6.2) Shields
 + Level 2.6(1.8) Unarmed Combat
 + Level 2.6(1.8) Spellcasting
 + Level 2.1(1.3) Conjurations
 + Level 2.1(1.3) Hexes
 + Level 2.1(1.3) Charms
 + Level 2.1(1.3) Summonings
 + Level 2.1(1.3) Necromancy
 + Level 2.1(1.3) Translocations
 + Level 2.1(1.3) Transmutations
 + Level 2.1(1.3) Fire Magic
 + Level 2.1(1.3) Ice Magic
 + Level 2.1(1.3) Air Magic
 + Level 2.1(1.3) Earth Magic
 + Level 2.1(1.3) Poison Magic
 + Level 2.9(2.1) Invocations
 + Level 2.6(1.8) Evocations


You had 11 spell levels left.
You didn't know any spells.
Your spell library was empty.

Dungeon Overview and Level Annotations

Branches:
Dungeon (6/15)             Temple (1/1) D:4

Altars:
Ashenzari
Cheibriados
Dithmenos
Elyvilon
Fedhas
Gozag
Hepliaklqana
Kikubaaqudgha
Makhleb
Nemelex Xobeh
Okawaru
Qazlal
Ru
Sif Muna
Trog
Uskayaw
Vehumet
Wu Jian
Yredelemnul
Zin
The Shining One


Innate Abilities, Weirdness & Mutations

Your experience applies equally to all skills.
You have very sharp teeth.
Your uncanny sense of smell can sniff out nearby items.


Message History

You closely miss the gnoll.
The gnoll is moderately wounded.
You feel sick.
The gnoll sergeant hits you with a spear of venom.
* * * LOW HITPOINT WARNING * * *
You block the gnoll's attack.
You closely miss the gnoll.
The gnoll is moderately wounded.
* * * LOW HITPOINT WARNING * * *
You feel very sick.
The gnoll sergeant hits you but does no damage.
You are more poisoned.
The gnoll hits you with a flail of draining!
* * * LOW HITPOINT WARNING * * *
You feel drained.
* * * LOW HITPOINT WARNING * * *
The gnoll sergeant barely misses you.
It was a potion of curing.
You feel better.
The gnoll hits you with a flail of draining!
You die...

#. #..#..#######.#
#.###..#..##. #.#
.g###...(......... #.#
...ggg........# .# #.#
..#######..#.###.# #.#
#........# #.# #...###..#
#.# [#########g..# #..#
##.###
.......[.@gg.###).###.....
###########............###
##.###..###.## #.#
#..###.# #.# #...<..# #.#
#.......... #.#
#####...... #.. ..##### ##
####


You could see a gnoll sergeant and 2 gnolls.

Vanquished Creatures
  A phantom (D:4)
  An ogre (D:5)
  2 scorpions
  A howler monkey (D:5)
  2 orc priests
  2 orc wizards
  3 bullfrog skeletons
  2 iguanas
  A worker ant (D:4)
  3 adders
  5 gnolls
  A worm (D:3)
  3 dart slugs
  3 leopard geckos
  7 orcs
  2 giant cockroaches
  4 goblins
  3 hobgoblins
  6 jackals (D:1)
  5 kobolds
  4 quokkas
  4 ball pythons
  6 bats
  6 frilled lizards
  7 rats
84 creatures vanquished.

Vanquished Creatures (others)
  An adder (D:3)
  An orc (D:3)
  A bat (D:3)
3 creatures vanquished.

Grand Total: 87 creatures vanquished

Notes
Turn   | Place    | Note
-------+----------+-------------------------------------------
     0 | D:1      | Blackhawk the Gnoll Fighter began the quest for the Orb.
     0 | D:1      | Reached XP level 1. HP: 23/23 MP: 1/1
   108 | D:1      | Reached XP level 2. HP: 29/29 MP: 2/2
   172 | D:1      | Reached XP level 3. HP: 17/35 MP: 3/3
   775 | D:2      | Reached skill level 1 in Invocations
  1043 | D:2      | Reached skill level 1 in Short Blades
  1043 | D:2      | Reached skill level 1 in Long Blades
  1043 | D:2      | Reached skill level 1 in Axes
  1043 | D:2      | Reached skill level 1 in Polearms
  1043 | D:2      | Reached skill level 1 in Staves
  1043 | D:2      | Reached skill level 1 in Slings
  1043 | D:2      | Reached skill level 1 in Bows
  1043 | D:2      | Reached skill level 1 in Crossbows
  1043 | D:2      | Reached skill level 1 in Throwing
  1043 | D:2      | Reached skill level 1 in Dodging
  1043 | D:2      | Reached skill level 1 in Stealth
  1043 | D:2      | Reached skill level 1 in Unarmed Combat
  1043 | D:2      | Reached skill level 1 in Spellcasting
  1043 | D:2      | Reached skill level 1 in Evocations
  1225 | D:2      | Reached XP level 4. HP: 38/41 MP: 5/5
  1403 | D:3      | Reached skill level 1 in Conjurations
  1403 | D:3      | Reached skill level 1 in Hexes
  1403 | D:3      | Reached skill level 1 in Charms
  1403 | D:3      | Reached skill level 1 in Summonings
  1403 | D:3      | Reached skill level 1 in Necromancy
  1403 | D:3      | Reached skill level 1 in Translocations
  1403 | D:3      | Reached skill level 1 in Transmutations
  1403 | D:3      | Reached skill level 1 in Fire Magic
  1403 | D:3      | Reached skill level 1 in Ice Magic
  1403 | D:3      | Reached skill level 1 in Air Magic
  1403 | D:3      | Reached skill level 1 in Earth Magic
  1403 | D:3      | Reached skill level 1 in Poison Magic
  1477 | D:3      | Reached XP level 5. HP: 47/47 MP: 5/7
  2098 | D:4      | Noticed a phantom
  2130 | D:4      | Killed a phantom
  2130 | D:4      | Reached XP level 6. HP: 36/53 MP: 8/8
  2191 | D:4      | Found a staircase to the Ecumenical Temple.
  2208 | Temple   | Entered the Ecumenical Temple
  2269 | Temple   | Became a worshipper of Warmaster Okawaru
  2446 | D:4      | Reached skill level 5 in Maces & Flails
  2725 | D:5      | Entered Level 5 of the Dungeon
  2895 | D:5      | Reached XP level 7. HP: 41/59 MP: 10/10
  3703 | D:6      | Reached * piety under Okawaru
  3803 | D:6      | HP: 3/60 [gnoll/flail of draining (2)]
  3804 | D:6      | Slain by a gnoll

Skill      XL: |  1  2  3  4  5  6  7 |
---------------+----------------------+-----
Invocations    | 1 2 |  2.9
Short Blades   | 1 2 |  2.6
Long Blades    | 1 2 |  2.6
Axes           | 1 2 |  2.6
Polearms       | 1 2 |  2.6
Staves         | 1 2 |  2.6
Slings         | 1 2 |  2.6
Bows           | 1 2 |  2.6
Crossbows      | 1 2 |  2.6
Throwing       | 1 2 |  2.6
Dodging        | 1 2 |  2.6
Stealth        | 1 2 |  2.6
Unarmed Combat | 1 2 |  2.6
Spellcasting   | 1 2 |  2.6
Evocations     | 1 2 |  2.6
Conjurations   | 1 2 |  2.1
Hexes          | 1 2 |  2.1
Charms         | 1 2 |  2.1
Summonings     | 1 2 |  2.1
Necromancy     | 1 2 |  2.1
Translocations | 1 2 |  2.1
Transmutations | 1 2 |  2.1
Fire Magic     | 1 2 |  2.1
Ice Magic      | 1 2 |  2.1
Air Magic      | 1 2 |  2.1
Earth Magic    | 1 2 |  2.1
Poison Magic   | 1 2 |  2.1
Maces & Flails | 5 |  5.3
Fighting       | 7 |  7.1
Armour         | 7 |  7.1
Shields        | 7 |  7.1

Action                   |  1- 3 |  4- 6 |  7- 9 || total
-------------------------+-------+-------+-------++-------
Melee: Flail             |   122 |   117 |    78 ||   317
       Bite              |    11 |     9 |     8 ||    28
  Use: Potion            |       |       |     1 ||     1
  Eat: Chunk             |     1 |     6 |     2 ||     9
Armor: Scale mail        |    88 |    30 |    19 ||   137
Dodge: Dodged            |    68 |    32 |    21 ||   121
Block: Shield            |   108 |    49 |    36 ||   193
